 Dungeon Crawl Stone Soup version 0.29-a0-284-gf9362112df (webtiles) character file.

Game seed: 11339451068789800113

17486 spaghetti the Fighter (level 12, 0/102 HPs)
             Began as a Demonspawn Berserker on Mar 22, 2022.
             Was an Elder of Trog.
             Hit by a large rock thrown by a cyclops (33 damage)
             ... on level 2 of the Orcish Mines.
             The game lasted 00:18:26 (10813 turns).

spaghetti the Fighter (Demonspawn Berserker)       Turns: 10813, Time: 00:18:27

Health: 0/102      AC: 14    Str: 24    XL:     12   Next: 19%
Magic:  12/12      EV: 18    Int:  9    God:    Trog [****..]
Gold:   709        SH:  6    Dex: 17    Spells: 11/11 levels left

rFire   . . .      SeeInvis .   b - +8 quick blade {shortrare=g}
rCold   . . .      Faith    +   M - orb {*Rage}
rNeg    . . .      Spirit   .   O - +0 troll leather armour
rPois   .          Reflect  .   c - +2 helmet
rElec   .          Harm     .   (no cloak)
rCorr   .          Rampage  .   C - +2 pair of gloves
Will    .....      Rage     20% (no boots)
Stlth   +.........              f - amulet of faith {!P}
HPRegen 1.07/turn               V - +6 ring of strength
MPRegen 0.13/turn               H - +4 ring of protection

@: about to teleport, on berserk cooldown
A: hooves 2, large bone plates 2, demonic guardian 1, spiny 1
a: Renounce Religion, Berserk, Trog's Hand, Brothers in Arms


You were on level 2 of the Orcish Mines.
You worshipped Trog.
Trog was greatly pleased with you.
You visited 2 branches of the dungeon, and saw 12 of its levels.

You collected 709 gold pieces.


Innate Abilities, Weirdness & Mutations

You have hoof-like feet.
You are mostly covered in large bone plates. (SH +6)
A weak demonic guardian rushes to your aid.
You are partially covered in sharp spines.


   Skills:
 + Level 12.3 Fighting
 - Level 8.0 Short Blades
 - Level 11.3 Slings
 - Level 0.6(7.1) Throwing
 - Level 1.7 Armour
 + Level 10.5 Dodging


You had 11 spell levels left.
You didn't know any spells.
Your spell library contained the following spells:

 Spells                   Type           Power      Damage    Failure   Level
 Magic Dart               Conj           0%         1d3       43%         1
 Ensorcelled Hibernation  Hex/Ice        0%         N/A       56%         2
 Passwall                 Tmut/Erth      0%         N/A       56%         2
 Searing Ray              Conj           0%         2d4       56%         2
 Dazzling Flash           Conj/Hex       0%         N/A       80%         3
 Swiftness                Air            0%         N/A       80%         3
 Fulminant Prism          Conj/Hex       0%         3d6       99%         4
 Iskenderun's Mystic Bla  Conj/Tloc      0%         2d3       99%         4
 Starburst                Conj/Fire      0%         6d3       100%        6

Inventory:

Hand Weapons
 a - a +0 hunting sling {sling}
   (You found it on level 3 of the Dungeon)
 b - a +8 quick blade (weapon) {shortrare=g}
   (You acquired it on level 2 of the Dungeon)
Missiles
 h - 165 stones (quivered) {throwing}
 i - 5 javelins {throwing}
 w - 20 poisoned darts {throwing}
 x - 8 boomerangs {throwing}
 A - 5 curare-tipped darts {=fthrowing}
Armour
 c - a +2 helmet (worn)
   (You found it on level 1 of the Dungeon)
 C - a +2 pair of gloves (worn)
   (You found it on level 10 of the Dungeon)
 M - an orb of wrath (worn)
   (You found it on level 12 of the Dungeon)
 O - a +0 troll leather armour (worn)
   (You found it on level 9 of the Dungeon)
Jewellery
 f - an amulet of faith (around neck) {!P}
   (You found it on level 1 of the Dungeon)
 u - a ring of resist corrosion
   (You found it on level 3 of the Dungeon)
 H - a +4 ring of protection (right hand)
   (You found it on level 9 of the Dungeon)
 J - a ring of positive energy
   (You found it on level 12 of the Dungeon)
 V - a +6 ring of strength (left hand)
   (You took it off a wight on level 9 of the Dungeon)
 X - a ring of ice
   (You found it on level 10 of the Dungeon)
Wands
 j - a wand of flame (11)
   (You found it on level 10 of the Dungeon)
 B - a wand of iceblast (6)
   (You found it on level 4 of the Dungeon)
 P - a wand of acid (3)
   (You took it off an orc warrior on level 9 of the Dungeon)
Scrolls
 d - 4 scrolls of teleportation {@r4}
 e - a scroll of silence {!r}
 k - a scroll of noise {!r}
 n - a scroll of holy word {!r}
 r - 4 scrolls of enchant armour
 t - a scroll of amnesia
 E - a scroll of immolation {!r!r}
 K - a scroll of vulnerability {!r!r}
Potions
 l - 2 potions of magic
 m - 4 potions of curing {@q1}
 o - a potion of invisibility {unknown}
 p - 2 potions of mutation {!q}
 z - 2 potions of heal wounds {@q2}
 F - a potion of might
 N - 2 potions of flight {unknown}
 Q - 4 potions of attraction {unknown}
 T - a potion of lignification {unknown}
 U - a potion of resistance {unknown}
Miscellaneous
 s - a box of beasts (inert)
   (You found it on level 10 of the Dungeon)

Dungeon Overview and Level Annotations

Branches:
Dungeon (12/15)               Orc (2/2) D:10            Elf (0/3) Orc:2
 Temple: D:4-7         Lair: D:8-11

Altars:
Elyvilon
Uskayaw

Shops:
D:10 ( Orc:1

: C...#.#.## .
........ # 4.
#......# ^#
#.o##......#<..
#..o..........
#.........#..##
..
#6o.....$....
..#
#.o@....##.##.#
#...oo#4......#
#....O#o.§.....
#....ooooOoo§.#
#.....3..o.#§§#
.........o#o§4#
...........#o##
..........####
..#.


You could see a demonspawn, an orc high priest, a cyclops, 2 ice devils, a
sixfirhy (summoned), 2 orc sorcerers, 5 orc warriors, 2 ogres, 6 orc priests and
2 orcs.


Message History

You regained 3 hp, and now have 46/102 hp.
Your black bear goes berserk!
The orc warrior hits you but does no damage.
The orc warrior hits your larval oxbat beast with a +0 war axe.
The orc warrior hits your black bear with a +0 war axe!
Something closely misses your black bear.
Something hits your black bear.
The chaos spawn gores your larval oxbat beast!
Your larval oxbat beast is moving more slowly.
Something hits your black bear!
Your larval oxbat beast hits the chaos spawn but does no damage.
Your larval oxbat beast tramples the chaos spawn but does no damage. 😨 HP[+3]
You regained 3 hp, and now have 49/102 hp.
Unknown command.
You fail to use your ability.
You feel yourself speed up.
The sentinel's mark upon you fades away.
You feel the effects of Trog's Hand fading.
Your larval oxbat beast hits the chaos spawn but does no damage.
Your larval oxbat beast tramples the chaos spawn.
The chaos spawn holds its ground!
Something hits your black bear but does no damage.
The chaos spawn gores your larval oxbat beast!
Your larval oxbat beast dies!
Your larval oxbat beast's corpse disappears in a puff of smoke!
Something barely misses your black bear.
Something hits your black bear. Something drains your black bear.
Your black bear dies!
Your black bear's corpse disappears in a puff of smoke!
The orc warrior barely misses you.
An orc warrior comes into view. It is wielding a +0 flail. 😮 HP[+4]
You regained 4 hp, and now have 53/102 hp.
You fail to use your ability.
The orc warrior shouts!
The orc warrior is struck by your spines.
The orc warrior barely misses you.
The chaos spawn hits you but does no damage. 😮 HP[+2]
You regained 2 hp, and now have 55/102 hp.
Unknown command.
You fail to use your ability.
The orc warrior misses you.
An ogre comes into view. It is wielding a +0 giant club.
The chaos spawn is struck by your spines.
The chaos spawn closely misses you. 😮 HP[+2]
You regained 2 hp, and now have 57/102 hp.
You fail to use your ability.
The orc warrior hits you with a +0 flail!
The orc warrior hits you but does no damage.
The orc warrior is struck by your spines.
The orc warrior hits you but does no damage.
The chaos spawn gores you!
* * * LOW HITPOINT WARNING * * *
7 orcs come into view.
An orc warrior is wielding a +2 vorpal long sword. 😨 HP[-16]
You take 16 damage, and now have 41/102 hp.
Okay, then.
Really read
y - a scroll of blinking {!r}?
Blink to where?
Press: ? - help, Dir - move target, f - you
Okay, then.
Unknown command.
Okay, then.
As you read the scroll of teleportation {@r4}, it crumbles to dust.
You feel strangely unstable.
The orc shouts! x2; The orc priest shouts!
The orc warrior shouts!
The orc high priest shouts!
The orc sorcerer shouts!
You hear a shout!
The orc warrior barely misses you.
The orc high priest prays to Beogh.
An orc priest comes into view. It is wielding a +0 club.
The orc warrior closely misses you. You block the chaos spawn's attack.
The orc warrior is struck by your spines.
The orc warrior hits you with a +0 flail!
* * * LOW HITPOINT WARNING * * *
A demonic guardian appears!
The orc moves out of view.
The orc priest moves out of view. 😨 HP[-9]
You take 9 damage, and now have 32/102 hp.
Unknown command.
Really read
y - a scroll of blinking {!r}?
Blink to where?
Press: ? - help, Dir - move target A demonspawn, 4 orcs, an ice devil and an ogre come into view.
An orc sorcerer is wielding a +1 dagger of electrocution and wearing a +2 robe of fire resistance.
An orc priest is wielding a +1 mace of holy wrath.
Found a stone staircase leading up.
As you read the scroll of blinking {!r}, it crumbles to dust.
Your skin stops crawling.
You feel less strong-willed.
The demonspawn shouts!
The orc priest shouts! x2; The cyclops shouts!
The ogre shouts!
The orc high priest mumbles some strange prayers to Beogh.
Send 'em back where they came from!
Your rust devil disappears in a puff of smoke!
An ice devil comes into view.
The orc priest barely misses you.
The cyclops throws a large rock.
The large rock hits you!!
You die...

Skill      XL: |  1  2  3  4  5  6  7  8  9 10 11 12 |
---------------+-------------------------------------+-----
Fighting       | 4 7 9 11 12 | 12.3
Short Blades   | 3 4 5 8 |  8.0
Slings         | 1 2 4 6 9 11 | 11.3
Dodging        | 4 7 10 | 10.5
Throwing       | |  0.6
Armour         | |  1.7

Action                   |  1- 3 |  4- 6 |  7- 9 | 10-12 || total
-------------------------+-------+-------+-------+-------++-------
Melee: Short sword       |    55 |       |       |       ||    55
       Quick blade       |    24 |   118 |   166 |   480 ||   788
       Punch             |     1 |       |     3 |     5 ||     9
       Kick              |       |    30 |    54 |   185 ||   269
 Fire: Hunting sling     |     4 |     9 |       |       ||    13
Throw: Stone             |    33 |    93 |   101 |   154 ||   381
Invok: Berserk           |     1 |     1 |     2 |     6 ||    10
       Brothers in Arms  |       |       |     2 |     6 ||     8
       Trog's Hand       |       |       |       |     1 ||     1
Evoke: Wand              |       |       |     2 |     2 ||     4
       Box of beasts     |       |       |       |     1 ||     1
  Use: Scroll            |     3 |    11 |     4 |     9 ||    27
       Potion            |       |       |       |     2 ||     2
 Stab: Sleeping          |       |     1 |       |       ||     1
       Distracted        |       |       |     1 |       ||     1
       Paralysed         |       |       |       |     2 ||     2
Armor: Animal skin       |    22 |    15 |    24 |    10 ||    71
       Troll leather arm |       |       |       |    48 ||    48
Dodge: Dodged            |    34 |    31 |    37 |   128 ||   230
Block: Other             |     4 |     8 |    13 |    34 ||    59
       Orb               |       |       |       |     7 ||     7

Levels and vault maps discovered:
D:1:      minmay_arrival_floating_metal, layout_rooms,
          dreamdust_ecumenical_altar_statues, minmay_pentomino_t4
D:2:      layout_basic
D:3:      layout_rooms, nicolae_uskayaw_murder_on_the_dancefloor,
          minmay_misc_feat_room, chequers_serial_rivers_room_b,
          serial_bayou_pond_e, kennysheep_generic_room_5
D:4:      layout_basic, mainiacjoe_overflow_alcove_4, uniq_robin
D:5:      layout_basic, uniq_menkaure
D:6:      layout_rooms, evilmike_ruin_ashenzari, mainiacjoe_overflow_alcove_2,
          kennysheep_mini_moat, uniq_eustachio, uniq_pikel,
          uniq_crazy_yiuf_cottage
D:9:      minmay_the_grid_octo_tiled_squarecenter [minmay_the_grid_octo_clover,
          minmay_the_grid_octo_thin_diamonds, minmay_the_grid_octo_horde,
          minmay_the_grid_octo_77, minmay_the_grid_square_5x5_megaprize_hollow,
          minmay_the_grid_square_5x5_gyroscope, minmay_the_grid_square_5x5_plus,
          minmay_the_grid_square_5x5_three_small,
          minmay_the_grid_square_5x5_eight_small], layout_basic
D:10:     layout_basic, orc_0_dummy, serial_shops, shop,
          ebering_ghost_inner_flame, chequers_serial_rivers_small_3,
          solitary_fountain, minmay_holes, minivault_5, minmay_ruffians,
          uniq_maggie, uniq_urug
D:11:     layout_basic, minivault_22
D:12:     layout_irregular_city, chequers_serial_rivers_micro_c
Orc:1:    layout_caves, serial_shops, shop_fountains, nicolae_shop_waterfront,
          nicolae_shop_hallway_stairs, shop, nicolae_orc_pool_cavern
Orc:2:    pf_orc_diabolical, layout_caves

Notes
Turn   | Place    | Note
-------+----------+-------------------------------------------
     0 | D:1      | spaghetti the Demonspawn Berserker began the quest for the
                  | Orb.
     0 | D:1      | Reached XP level 1. HP: 18/18 MP: 1/1
     0 | D:1      | magus.rc [v1.9.6]
    84 | D:1      | Gained mutation: You are partially covered in large bone
                  | plates. (SH +4) [demonic ancestry]
    84 | D:1      | Reached XP level 2. HP: 23/24 MP: 2/2
   182 | D:1      | Found a faded altar of an unknown god.
   236 | D:1      | Reached skill level 4 in Fighting
   397 | D:1      | Gained mutation: You are partially covered in sharp spines.
                  | [demonic ancestry]
   397 | D:1      | Reached XP level 3. HP: 30/30 MP: 3/3
   466 | D:1      | Reached ** piety under Trog
   830 | D:2      | Identified a scroll of acquirement
   831 | D:2      | Acquired a +5 quick blade
   832 | D:2      | j - a +5 quick blade {shortrare=g}
   833 | D:2      | j - a +5 quick blade (weapon) {shortrare=g}
   858 | D:2      | Reached skill level 3 in Short Blades
  1372 | D:3      | b - a +5 quick blade {shortrare=g}
  1465 | D:3      | b - a +5 quick blade (weapon) {shortrare=g}
  1467 | D:3      | Reached skill level 1 in Slings
  1467 | D:3      | Reached XP level 4. HP: 32/37 MP: 4/4
  1502 | D:3      | b - a +5 quick blade (weapon) {shortrare=g}
  1507 | D:3      | Found a hide-covered altar of Uskayaw.
  1521 | D:2      | b - a +5 quick blade (weapon) {shortrare=g}
  1876 | D:2      | Reached skill level 2 in Slings
  1920 | D:3      | b - a +5 quick blade (weapon) {shortrare=g}
  1922 | D:3      | b - a +5 quick blade (weapon) {shortrare=g}
  2085 | D:3      | Gained mutation: You have large cloven feet. [demonic
                  | ancestry]
  2085 | D:3      | Reached XP level 5. HP: 39/42 MP: 5/5
  2135 | D:3      | your +5 quick blade {shortrare=g} glows red for a moment.
  2145 | D:3      | Reached skill level 3 in Slings
  2675 | D:4      | Reached skill level 4 in Short Blades
  2675 | D:4      | Reached skill level 4 in Slings
  2876 | D:4      | Reached *** piety under Trog
  2880 | D:4      | Reached XP level 6. HP: 48/48 MP: 6/6
  3186 | D:5      | Entered Level 5 of the Dungeon
  3206 | D:5      | Reached skill level 5 in Slings
  3442 | D:4      | Noticed Robin
  3458 | D:4      | Killed Robin
  3554 | D:5      | Noticed Menkaure
  3788 | D:4      | Killed Menkaure
  3789 | D:4      | Reached skill level 6 in Slings
  4126 | D:5      | Gained mutation: A weak demonic guardian rushes to your
                  | aid. [demonic ancestry]
  4126 | D:5      | Reached XP level 7. HP: 54/54 MP: 7/7
  4160 | D:5      | You pick up a book of Burglary {forbidden} and begin
                  | reading...
  4160 | D:5      | You add the spells Passwall, Ensorcelled Hibernation and
                  | Swiftness to your library.
  4177 | D:5      | Reached skill level 7 in Slings
  4806 | D:5      | Reached skill level 5 in Short Blades
  4888 | D:5      | Reached **** piety under Trog
  5147 | D:5      | Reached skill level 8 in Slings
  5457 | D:6      | Noticed Pikel
  5470 | D:6      | Reached skill level 9 in Slings
  5470 | D:6      | Reached XP level 8. HP: 60/60 MP: 8/8
  5500 | D:6      | Killed Pikel
  5501 | D:6      | Reached skill level 6 in Short Blades
  5501 | D:6      | Reached skill level 10 in Slings
  5568 | D:6      | You fall into a shaft and drop 3 floors!
  5671 | D:9      | Reached skill level 11 in Slings
  5835 | D:9      | Noticed a two-headed ogre
  5844 | D:9      | Reached skill level 7 in Short Blades
  5853 | D:9      | HP: 2/60 [two-headed ogre/+0 dire flail (24)]
  5862 | D:9      | Killed a two-headed ogre
  5863 | D:9      | Reached skill level 8 in Short Blades
  5863 | D:9      | Gained mutation: You have hoof-like feet. [demonic
                  | ancestry]
  5863 | D:9      | Reached XP level 9. HP: 4/67 MP: 9/9
  5907 | D:10     | Entered Level 10 of the Dungeon
  6199 | D:9      | Reached skill level 2 in Dodging
  6210 | D:9      | Reached skill level 5 in Fighting
  6322 | D:9      | Noticed a two-headed ogre
  6335 | D:9      | Killed a two-headed ogre
  6336 | D:9      | Reached skill level 6 in Fighting
  6336 | D:9      | Reached skill level 4 in Dodging
  6348 | D:9      | Noticed a freezing wraith
  6355 | D:9      | Killed a freezing wraith
  6356 | D:9      | Reached skill level 7 in Fighting
  6356 | D:9      | Reached XP level 10. HP: 79/79 MP: 10/10
  6377 | D:9      | Reached skill level 5 in Dodging
  6395 | D:9      | Noticed a seven-headed hydra
  6407 | D:9      | Identified the +11 scimitar of Tomorrow {drain, rC++ Str-5}
  6419 | D:9      | HP: 17/79 [seven-headed hydra (10)]
  6419 | D:9      | HP: 8/79 [seven-headed hydra (9)]
  6697 | D:9      | You pick up a book of Conjurations {forbidden@e2} and begin
                  | reading...
  6697 | D:9      | You add the spells Magic Dart, Searing Ray and Fulminant
                  | Prism to your library.
  6849 | D:9      | Reached skill level 8 in Fighting
  6849 | D:9      | Reached skill level 6 in Dodging
  7253 | D:9      | Killed a seven-headed hydra
  7254 | D:9      | Reached skill level 9 in Fighting
  7254 | D:9      | Reached skill level 7 in Dodging
  7609 | D:9      | Noticed a two-headed ogre
  7625 | D:9      | Killed a two-headed ogre
  7626 | D:9      | Reached XP level 11. HP: 82/89 MP: 11/11
  8021 | D:9      | Reached skill level 8 in Dodging
  8165 | D:10     | Found a staircase to the Orcish Mines.
  8198 | D:10     | Found a runed translucent door.
  8200 | D:10     | Noticed Cecur's ghost (journeyman DrEE)
  8314 | D:10     | Reached skill level 10 in Fighting
  8387 | D:10     | Noticed Maggie
  8430 | D:10     | Killed Maggie
  8527 | D:10     | Noticed Urug
  8543 | D:10     | Killed Urug
  8725 | D:10     | Found Gitoppus's Antique Weapon Shop.
  8852 | D:10     | your +6 quick blade {shortrare=g} glows red for a moment.
  9168 | D:10     | your +7 quick blade {shortrare=g} glows red for a moment.
  9291 | D:10     | Killed Cecur's ghost
  9292 | D:10     | Reached skill level 9 in Dodging
  9402 | D:11     | Reached skill level 11 in Fighting
  9640 | D:11     | Noticed a five-headed hydra
  9651 | D:11     | Killed a five-headed hydra
  9908 | D:11     | Reached skill level 10 in Dodging
  9923 | D:11     | Gained mutation: You are mostly covered in large bone
                  | plates. (SH +6) [demonic ancestry]
  9923 | D:11     | Reached XP level 12. HP: 63/102 MP: 12/12
 10200 | D:11     | You pick up a book of Spectacle {forbidden} and begin
                  | reading...
 10200 | D:11     | You add the spells Dazzling Flash, Iskenderun's Mystic
                  | Blast and Starburst to your library.
 10463 | D:12     | Reached skill level 12 in Fighting
 10591 | Orc:1    | Entered Level 1 of the Orcish Mines
 10627 | Orc:1    | Found Aphak's Book Boutique.
 10637 | Orc:1    | Noticed an orc high priest
 10662 | Orc:1    | Killed an orc high priest
 10753 | Orc:2    | Entered Level 2 of the Orcish Mines
 10758 | Orc:2    | Found a staircase to the Elven Halls.
 10812 | Orc:2    | Noticed an orc high priest
 10813 | Orc:2    | Noticed a demonspawn
 10813 | Orc:2    | Hit by a large rock thrown by a cyclops

Vanquished Creatures
  A hydra (D:11)
  The ghost of Cecur the Destroyer, a journeyman DrEE (D:10)
  2 two-headed ogres (D:9)
  An orc high priest (Orc:1)
  Urug (D:10)
  Pikel (D:6)
  4 yaktaurs (D:11)
  Maggie (D:10)
  A gargoyle (D:12)
  A kobold demonologist (D:12)
  3 unseen horrors
  A freezing wraith (D:9)
  2 trolls (D:9)
  5 hornets
  A slime creature (D:10)
  A shadow (D:9)
  A wraith (D:9)
  5 humans (D:10)
  4 wyverns
  11 yaks (D:9)
  A steam dragon (D:9)
  6 vampire mosquitoes
  Menkaure (D:4)
  2 wargs (Orc:1)
  8 orc warriors
  An ogre (D:5)
  2 centaurs
  4 lemures (D:6)
  A kobold brigand (D:6)
  2 bullfrogs
  A gnoll sergeant (D:9)
  9 wights
  2 killer bees (D:9)
  2 howler monkeys
  2 jellies
  3 orc priests
  3 hounds
  3 iguanas
  10 orc wizards
  Robin (D:4)
  7 adders
  9 gnolls
  5 dart slugs
  34 orcs
  8 ball pythons
  3 bats
  9 endoplasms
  2 giant cockroaches
  8 hobgoblins
  3 jackals (D:4)
  2 quokkas (D:1)
  A frilled lizard (D:1)
  8 goblins
  13 kobolds
  2 rats
226 creatures vanquished.

Vanquished Creatures (collateral kills)
  A hydra (D:9)
  A two-headed ogre (D:9)
  A cyclops (D:11)
  A human (D:10)
  An orc warrior (D:11)
  2 killer bees (D:9)
  An orc wizard (D:9)
8 creatures vanquished.

Grand Total: 234 creatures vanquished

Table legend:
 A = Non-vault XP
 B = Vault XP
 C = Vault XP percentage of total XP
 D = Non-vault monster count
 E = Vault monster count
 F = Vault count percentage of total count
                 A         B        C        D         E       F
            +---------+---------+-------+---------+---------+-------
      Total |   15064 |    9917 |  39.7 |     181 |      49 |  21.3
            +---------+---------+-------+---------+---------+-------
        D:1 |      41 |       5 |  10.9 |      20 |       4 |  16.7
        D:2 |      47 |       0 |   0.0 |      12 |       0 |   0.0
        D:3 |     117 |       6 |   4.9 |      13 |       3 |  18.8
        D:4 |     232 |     191 |  45.2 |      23 |       8 |  25.8
        D:5 |     404 |       0 |   0.0 |      20 |       0 |   0.0
        D:6 |     462 |     663 |  58.9 |      15 |       1 |   6.2
        D:9 |    5003 |    5539 |  52.5 |      29 |      23 |  44.2
       D:10 |     612 |    3513 |  85.2 |      10 |      10 |  50.0
       D:11 |    5106 |       0 |   0.0 |      20 |       0 |   0.0
       D:12 |    1181 |       0 |   0.0 |       3 |       0 |   0.0
      Orc:1 |    1667 |       0 |   0.0 |       8 |       0 |   0.0
      Orc:2 |     192 |       0 |   0.0 |       8 |       0 |   0.0
            +---------+---------+-------+---------+---------+-------

Illustrated notes

Table legend:
 A = Kills in this place as a percentage of kills in entire the game.
 B = Kills by you in this place as a percentage of kills by you in the entire game.
 C = Kills by friends in this place as a percentage of kills by friends in the entire game.
 D = Other kills in this place as a percentage of other kills in the entire game.
 E = Experience gained in this place as a percentage of experience gained in the entire game.
 F = Experience gained in this place divided by the number of levels of this place that you have seen.
                   A       B       C       D       E      F
               +-------+-------+-------+-------+-------+----------------------
         Total | 100.0 | 100.0 | 100.0 |   N/A | 100.0 | 2081.8
       Dungeon |  93.0 |  92.8 | 100.0 |   N/A |  92.6 | 2312.2
  Orcish Mines |   7.0 |   7.2 |   0.0 |   N/A |   7.4 | 929.5
               +-------+-------+-------+-------+-------+----------------------

Table legend: (Time is in decaauts)
 A = Elapsed time spent in this place.
 B = Non-inter-level travel time spent in this place.
 C = Inter-level travel time spent in this place.
 D = Time resting spent in this place.
 E = Time spent auto-exploring this place.
 F = Levels seen in this place.
 G = Mean time per level.
                   A        B        C        D        E       F      G
               +--------+--------+--------+--------+--------+-----+--------+
         Total |  10401 |  10056 |    345 |   1879 |   6609 |  12 |  866.8 |
       Dungeon |  10200 |   9867 |    333 |   1864 |   6503 |  10 | 1020.0 |
  Orcish Mines |    200 |    189 |     11 |     14 |    106 |   2 |  100.0 |
               +--------+--------+--------+--------+--------+-----+--------+

Top non-repeatable levels by time:
     D:9: 1924 daAuts
    D:10: 1614 daAuts
     D:4: 1397 daAuts
     D:5: 1340 daAuts
     D:2: 907 daAuts
    D:11: 900 daAuts
     D:1: 840 daAuts
     D:3: 675 daAuts
     D:6: 322 daAuts
    D:12: 277 daAuts
   Orc:1: 146 daAuts
   Orc:2: 54 daAuts
